 Dungeon Crawl Stone Soup version 0.21.0-3-g78d12a8bdd (webtiles) character file.

169 GuyWithAPlan the Skirmisher (level 5, -2/43 HPs)
             Began as a Barachi Fighter on Jan 16, 2018.
             Slain by Sigmund
             ... wielding a cursed -3 scythe
              (8 damage)
             ... on level 4 of the Dungeon.
             The game lasted 00:07:20 (2239 turns).

GuyWithAPlan the Skirmisher (Barachi Fighter)       Turns: 2239, Time: 00:07:20

Health: -2/43      AC:  8    Str: 23    XL:     5   Next: 50%
Magic:  5/5        EV:  7    Int:  8    God:
Gold:   124        SH: 10    Dex: 12    Spells: 4/4 levels left

rFire    . . .     SeeInvis .   n - +3 dagger (speed)
rCold    . . .     Gourm    .   c - +0 shield
rNeg     . . .     Faith    .   b - +1 scale mail
rPois    .         Spirit   .   (no helmet)
rElec    .         Reflect  .   (no cloak)
rCorr    .         Harm     .   (no gloves)
MR       .....                  (no boots)
Stlth    ..........             (no amulet)
HPRegen  0.14/turn              (no ring)
MPRegen  0.09/turn              (no ring)

@: mighty, slow
A: +LOS, swims, slowness 1, strong legs 1
a: Hop


You were on level 4 of the Dungeon.
You were not hungry.

You visited 1 branch of the dungeon, and saw 4 of its levels.

You collected 124 gold pieces.

Inventory:

Hand Weapons
 a - a +0 long sword
 n - a +3 dagger of speed (weapon)
Missiles
 m - 8 curare-tipped needles
Armour
 b - a +1 scale mail (worn)
 c - a +0 shield (worn)
Jewellery
 h - an uncursed ring of protection from magic {unknown}
Scrolls
 e - a scroll of random uselessness
 g - a scroll of enchant weapon
 j - 3 scrolls of teleportation
 o - 2 scrolls of remove curse
 p - 2 scrolls of identify
Potions
 i - a potion of ambrosia
 k - a potion of invisibility
 s - a potion of flight {unknown}
 u - a potion of heal wounds {unknown}
Comestibles
 f - 9 rations


   Skills:
 + Level 4.6 Fighting
 + Level 4.0 Long Blades
 + Level 4.5 Armour
 - Level 0.2 Dodging
 + Level 4.5 Shields


You had 4 spell levels left.
You didn't know any spells.

Dungeon Overview and Level Annotations

Branches:
Dungeon (4/15)
 Temple: D:4-7

Altars:
Kikubaaqudgha
Trog

Annotations:
D:4 Sigmund


Innate Abilities, Weirdness & Mutations

Shadows flee at your approach. (+LOS)
You can swim through water.
You cover ground slowly.
You can hop short distances.


Message History

You are confused.
A magic dart appears from out of thin air!
The magic dart hits you!
You're too confused to move!
Something hits you but does no damage.
You feel less confused. Something hits you.
You closely miss something. You closely miss something.
Something hits you but does no damage.
You miss something. You puncture something! Something hits you.
* * * LOW HITPOINT WARNING * * *
You miss something. You miss something.
You hear the brisk hiss of a very distant avalanche of sand.
Something hits you!
* * * LOW HITPOINT WARNING * * *
You miss something. You miss something. You puncture something!
Something hits you!
You die...

#########.# .#
..........# .#
.###....### @# .###....#
.# ........# .#
#.......########## .#
#.......#(.......######.#
+.......'........{......#
#.......#.......@########
#########........#
#........# #........#
##########


There were no monsters in sight!

Vanquished Creatures
  A bullfrog skeleton (D:4)
  2 worker ants (D:4)
  3 adders (D:2)
  4 worms
  5 dart slugs
  2 giant cockroaches
  2 goblins
  4 hobgoblins
  2 jackals (D:3)
  8 kobolds
  2 ball pythons
  5 bats
  10 rats
50 creatures vanquished.

Notes
Turn   | Place    | Note
-------+----------+-------------------------------------------
     0 | D:1      | GuyWithAPlan the Barachi Fighter began the quest for the Orb.
     0 | D:1      | Reached XP level 1. HP: 18/18 MP: 1/1
    36 | D:1      | Reached XP level 2. HP: 12/25 MP: 2/2
   341 | D:1      | Reached XP level 3. HP: 27/30 MP: 3/3
   770 | D:2      | Noticed a moth of wrath
   772 | D:2      | Found a bloodstained altar of Trog.
   895 | D:2      | Reached XP level 4. HP: 34/37 MP: 4/4
  1398 | D:3      | Found an ancient bone altar of Kikubaaqudgha.
  1931 | D:4      | Reached XP level 5. HP: 17/43 MP: 5/5
  2212 | D:4      | Noticed Sigmund
  2239 | D:4      | Slain by Sigmund

Skill      XL: |  1  2  3  4  5 |
---------------+----------------+-----
Fighting       | 4 |  4.6
Shields        | 4 |  4.5
Armour         | 4 |  4.5
Long Blades    | 3 4 |  4.0
Dodging        | |  0.2

Action                   |  1- 3 |  4- 6 || total
-------------------------+-------+-------++-------
Melee: Long sword        |   143 |       ||   143
       Dagger            |       |   143 ||   143
  Use: Scroll            |       |    13 ||    13
       Potion            |       |     1 ||     1
  Eat: Chunk             |     1 |     2 ||     3
       Ration            |       |     1 ||     1
Armor: Scale mail        |    83 |    44 ||   127
Dodge: Dodged            |    51 |    23 ||    74
Block: Shield            |    95 |    47 ||   142
       Rpst.: Long sword |    17 |       ||    17
